 Dungeon Crawl Stone Soup version 0.18-a0-1584-g146024a (webtiles) character file.

18 Oddball22 the Vexing (level 2, -3/22 HPs)
             Began as a Formicid Arcane Marksman on Mar 18, 2016.
             Slain by a hobgoblin (4 damage)
             ... on level 1 of the Dungeon.
             The game lasted 00:02:47 (1460 turns).

Oddball22 the Vexing (Formicid Arcane Marksman)     Turns: 1460, Time: 00:02:47

Health: -3/22      AC:  2    Str: 15    XL:     2   Next: 85%
Magic:  3/3        EV: 12    Int: 12    God:
Gold:   75         SH:  0    Dex: 10    Spells: 1 memorised, 2 levels left

rFire  . . .     SeeInvis +     i - +0 club
rCold  . . .     Gourm    .     b - +0 robe
rNeg   . . .     Faith    .     (no shield)
rPois  .         Spirit   .     (helmet unavailable)
rElec  .         Dismiss  .     (no cloak)
rCorr  .         Reflect  .     (no gloves)
SustAt .         Harm     .     (no boots)
MR     .....                    k - amulet of inaccuracy (curse)
Stlth  +.........               (no ring)
                                (no ring)

@: not resistant to hostile enchantments, very unstealthy
A: permanent stasis, dig shafts and tunnels, four strong arms, antennae 3
a: Dig, Shaft Self


You were on level 1 of the Dungeon.
You were not hungry.

You visited 1 branch of the dungeon, and saw 1 of its levels.

You collected 75 gold pieces.

Inventory:

Hand Weapons
 a - a +0 hand crossbow
 i - a +0 club (weapon)
Missiles
 d - 37 bolts
Armour
 b - a +0 robe (worn)
Jewellery
 k - a cursed amulet of inaccuracy (around neck)
Scrolls
 l - a scroll of teleportation
Books
 c - a book of Debilitation

   Spells                             Type                      Level
   a - Corona                         Hexes                        1
   b - Slow                           Hexes                        2
   c - Gell's Gravitas                Hexes/Translocation          3
   d - Inner Flame                    Hexes/Fire                   3
   e - Cause Fear                     Hexes                        4
   f - Leda's Liquefaction            Hexes/Earth                  4
Comestibles
 f - a bread ration
 g - a slice of pizza


   Skills:
 * Level 2.0 Fighting
 + Level 2.2 Crossbows
 + Level 2.1 Dodging
 - Level 1.1 Spellcasting
 - Level 3.6 Hexes


You had 2 spell levels left.
You knew the following spells:

 Your Spells              Type           Power        Failure   Level  Hunger
a - Corona                Hex            #......      10%         1    ##.....


Dungeon Overview and Level Annotations

Branches:
Dungeon (1/15)

Altars:


Innate Abilities, Weirdness & Mutations

You are under a permanent stasis effect.
You can dig through walls and to a lower floor.
Your four strong arms can wield two-handed weapons with a shield.
You have a pair of large antennae on your head (SInv).


Message History

The hobgoblin completely misses you.
You completely miss the hobgoblin.
The hobgoblin is moderately wounded.
The hobgoblin closely misses you.
You hit the hobgoblin but do no damage.
The hobgoblin is moderately wounded.
The hobgoblin hits you.
* * * LOW HITPOINT WARNING * * *
The hobgoblin hits you but does no damage.
You miss the hobgoblin. The hobgoblin hits you.
* * * LOW HITPOINT WARNING * * *
Drink which item? (? for menu, Esc to quit)
It was a potion of berserk rage.
You cannot go berserk while under stasis.
The hobgoblin barely misses you.
You miss the hobgoblin. The hobgoblin closely misses you.
You hit the hobgoblin.
The hobgoblin is almost dead.
The hobgoblin closely misses you. The hobgoblin hits you.
You die...

#.# #.# #.# ########### #.#
#.........# #.# ###########
##.#######.# #.# #.........#
##...## #.# ##.####.#####...#
#.....#####.###........####''##
#............g@...###.###......
#.....#####.##.....##.# #...≈≈.
##..........###...###.. #....≈.
##.######### ##.## ######≈..≈≈
#.# #.# #..≈≈. #.# #.# ##.≈≈≈.
##.##### ##'## ##.≈≈≈≈≈
#......# ##...## #.≈≈≈≈PP
#..###.# ##....>## ##.≈≈≈≈≈


You could see a hobgoblin.

Vanquished Creatures
  A dart slug (D:1)
  4 bats (D:1)
  A giant cockroach (D:1)
  4 goblins (D:1)
  A hobgoblin (D:1)
  A giant newt (D:1)
  A kobold (D:1)
  4 rats (D:1)
17 creatures vanquished.

Notes
Turn   | Place    | Note
--------------------------------------------------------------
     0 | D:1      | Oddball22 the Formicid Arcane Marksman began the quest for the Orb.
     0 | D:1      | Reached XP level 1. HP: 15/15 MP: 2/2
   351 | D:1      | Reached XP level 2. HP: 12/22 MP: 3/3
  1457 | D:1      | HP: 1/22 [hobgoblin (3)]
  1460 | D:1      | Slain by a hobgoblin

Vault maps used:
D:1:      lightli_arrival_windingriver

Skill      XL: |  1  2 |
---------------+-------+-----
Dodging        | 2 |  2.1
Fighting       | 2 |  2.0
Crossbows      | |  2.2
Spellcasting   | |  1.1
Hexes          | |  3.6

Action                   || total
-------------------------++-------
Melee: Unarmed           ||    42
       Club              ||    70
       Dagger            ||     4
  Use: Scroll            ||     2
       Potion            ||     1
  Eat: Chunk             ||     2
